 Dungeon Crawl Stone Soup version 0.27-a0-95-g5a9077b8ae (webtiles) character file.

Game seed: 11526077239928970336

327 knot the Chopper (level 6, -1/70 HPs)
             Began as a Demonspawn Berserker on Jan 19, 2021.
             Was a Believer of Trog.
             Slain by a phantom (8 damage)
             ... on level 4 of the Dungeon.
             The game lasted 00:02:57 (5798 turns).

knot the Chopper (Demonspawn Berserker)             Turns: 5798, Time: 00:02:58

Health: -1/70      AC:  2    Str: 17    XL:     6   Next: 24%
Magic:  0/6        EV: 12    Int: 11    God:    Trog [**....]
Gold:   179        SH:  0    Dex: 12    Spells: 5/5 levels left

rFire    . . .     SeeInvis .   a - +0 hand axe
rCold    . . .     Faith    .   (no shield)
rNeg     . . .     Spirit   +   b - +0 animal skin
rPois    .         Reflect  .   (no helmet)
rElec    .         Harm     .   (no cloak)
rCorr    .         Rampage  .   (no gloves)
Will     .....                  (no boots)
Stlth    ..........             (no amulet)
HPRegen  0.21/turn              g - ring of wizardry
MPRegen  0.20/turn              (no ring)

@: berserking, very quick
A: claws 1, magic shield, magic regeneration
a: Renounce Religion, Berserk, Trog's Hand


You were on level 4 of the Dungeon.
You worshipped Trog.
Trog was pleased with you.
You visited 1 branch of the dungeon, and saw 4 of its levels.

You collected 179 gold pieces.

Inventory:

Hand Weapons
 a - a +0 hand axe (weapon)
Missiles
 e - 59 stones
 i - 15 poisoned darts
 l - 2 throwing nets
 s - 31 sling bullets
Armour
 b - a +0 animal skin (worn)
Jewellery
 g - a ring of wizardry (left claw)
Scrolls
 f - 3 scrolls of fog {unknown}
 h - 3 scrolls of enchant weapon {unknown}
 j - 2 scrolls of amnesia {unknown}
 o - 2 scrolls of teleportation {unknown}
 p - a scroll of remove curse {unknown}
 q - 2 scrolls of identify {unknown}
Potions
 d - a potion of resistance {unknown}
 m - a potion of lignification {unknown}
 n - a potion of cancellation {unknown}
 r - a potion of ambrosia {unknown}
 t - a potion of flight {unknown}


   Skills:
 - Level 3.0 Fighting
 + Level 6.5 Axes
 - Level 1.7 Armour
 - Level 1.7 Dodging


You had 5 spell levels left.
You didn't know any spells.
Your spell library was empty.

Dungeon Overview and Level Annotations

Branches:
Dungeon (4/15)
 Temple: D:4-7

Altars:
Zin
The Shining One

Shops:
D:2 *   D:4 !


Innate Abilities, Weirdness & Mutations

You have sharp fingernails.
When hurt, damage is shared between your health and your magic reserves.
You regenerate magic rapidly.


Message History

You are too injured to fight recklessly!
You are too injured to fight recklessly!
You are too injured to fight recklessly!
You hit the ogre but do no damage.
The ogre is heavily wounded.
You hit the phantom. The phantom barely misses you.
You barely miss the ogre.
The ogre is heavily wounded.
You miss the phantom.
The ogre hits you with a +0 giant club!!
* * * LOW HITPOINT WARNING * * *
The phantom hits you.
* * * LOW HITPOINT WARNING * * *
You closely miss the ogre.
The ogre is heavily wounded.
You hit the phantom. You slash the ogre!
The ogre is almost dead.
You hit the phantom. The ogre barely misses you. The phantom hits you!
You die...

####.### .......#
#.............. .......#
#.............. .......#
#.............. .......#
#.............. .......#
#.............. .......#
#..........$...
.........#.....W.O......
#######..# ###@# ..#
#...# >. #.#.#
###'####### #######
#......... #8.8.8#
#.........
#.⌠.⌠.####..########
#8.∩.8...#..#......#..#
#.⌠.⌠.####..#.####.#..#


You could see a phantom and an ogre.

Vanquished Creatures
  An ogre (D:4)
  2 orc wizards (D:4)
  An iguana (D:3)
  2 worker ants (D:4)
  2 adders (D:3)
  A white imp (D:3)
  An ooze (D:1)
  2 worms
  A dart slug (D:1)
  2 leopard geckos
  7 orcs (D:4)
  3 giant cockroaches
  9 goblins
  6 hobgoblins
  4 jackals (D:3)
  A quokka (D:2)
  8 bats
  3 frilled lizards
  6 kobolds
  6 rats
68 creatures vanquished.

Notes
Turn   | Place    | Note
-------+----------+-------------------------------------------
     0 | D:1      | knot the Demonspawn Berserker began the quest for the Orb.
     0 | D:1      | Reached XP level 1. HP: 18/18 MP: 1/1
   314 | D:1      | Reached skill level 3 in Axes
   672 | D:1      | Gained mutation: When hurt, damage is shared between your
                  | health and your magic reserves. [demonic ancestry]
   672 | D:1      | Reached XP level 2. HP: 24/24 MP: 2/2
  1318 | D:1      | Found a glowing golden altar of the Shining One.
  1855 | D:2      | Reached XP level 3. HP: 28/29 MP: 1/3
  1862 | D:2      | Found a faded altar of an unknown god.
  1962 | D:2      | Found Zin's Purification Station.
  1965 | D:2      | Found a glowing silver altar of Zin.
  2011 | D:2      | Reached ** piety under Trog
  2072 | D:2      | Reached skill level 4 in Axes
  2693 | D:3      | Gained mutation: You have sharp fingernails. [demonic
                  | ancestry]
  2693 | D:3      | Reached XP level 4. HP: 30/35 MP: 2/4
  4025 | D:3      | Reached skill level 5 in Axes
  4942 | D:4      | Noticed an ogre
  4953 | D:4      | Killed an ogre
  4954 | D:4      | Gained mutation: You regenerate magic rapidly. [demonic
                  | ancestry]
  4954 | D:4      | Reached XP level 5. HP: 33/41 MP: 3/5
  5291 | D:4      | Found Teyseh's Distillery.
  5377 | D:4      | Reached skill level 6 in Axes
  5383 | D:4      | Reached XP level 6. HP: 37/47 MP: 2/6
  5798 | D:4      | Slain by a phantom

Illustrated notes

Levels and vault maps discovered:
D:1:      evilmike_arrival_plus, layout_basic, tso_altar
D:2:      layout_basic, zin_purify, chequers_ecumenical_altar_simple_redux
D:3:      layout_basic
D:4:      layout_basic, nicolae_ru_sacrificial_ziggurat, serial_shops,
          nicolae_shop_temple_entry_statues_fountains, kennysheep_small_spiral

Skill      XL: |  1  2  3  4  5 |
---------------+----------------+-----
Axes           | 3 4 5 6 |  6.5
Fighting       | |  3.0
Armour         | |  1.7
Dodging        | |  1.7

Action                   |  1- 3 |  4- 6 || total
-------------------------+-------+-------++-------
Melee: Hand axe          |   119 |   125 ||   244
Invok: Berserk           |     3 |     7 ||    10
       Trog's Hand       |       |     3 ||     3
  Use: Potion            |       |     3 ||     3
 Stab: Sleeping          |       |     1 ||     1
Armor: Animal skin       |    29 |    14 ||    43
Dodge: Dodged            |    93 |    55 ||   148

Table legend: (Time is in decaauts)
 A = Elapsed time spent in this place.
 B = Non-inter-level travel time spent in this place.
 C = Inter-level travel time spent in this place.
 D = Time resting spent in this place.
 E = Time spent auto-exploring this place.
 F = Levels seen in this place.
 G = Mean time per level.
                   A        B        C        D        E       F      G
               +--------+--------+--------+--------+--------+-----+--------+
         Total |   5915 |   5816 |     99 |   2288 |   3021 |   4 | 1478.8 |
       Dungeon |   5915 |   5816 |     99 |   2288 |   3021 |   4 | 1478.8 |
               +--------+--------+--------+--------+--------+-----+--------+

Top non-repeatable levels by time:
     D:3: 1962 daAuts
     D:1: 1535 daAuts
     D:4: 1251 daAuts
     D:2: 1166 daAuts
